 Dungeon Crawl Stone Soup version bcrawl-1.40.3b (webtiles) character file.

Game seed: 13521750075922960552

281236 iceDog the Magician (level 9, -3/71 HPs)
             Began as a Gnoll Warper on Feb 18, 2024.
             Was an Elder of Okawaru.
             Shot with a sling bullet by Joseph (6 damage)
             ... on level 8 of the Dungeon on Feb 24, 2024.
             The game lasted 00:22:35 (6314 turns).

iceDog the Magician (Gnoll Warper)                  Turns: 6314, Time: 00:22:37

Health: -3/71      AC:  6    Str: 16    XL:     9   Next: 61%
Magic:  23/28      EV: 15    Int: 17    God:    Okawaru [****..]
Gold:   404        SH:  0    Dex: 14    Spells: 10/21 levels left

rFire    + . .     GDR:     29% a - +0 hand crossbow
rCold    . . .     SeeInvis .   (no shield)
rNeg     . . .     Gourm    .   q - +1 leather armour {rF+}
rPois    .         Faith    .   o - +0 helmet
rElec    .         Spirit   .   (no cloak)
rCorr    .         Reflect  .   (no gloves)
MR       .....                  B - +0 pair of boots
Stlth    ++........             (no amulet)
HPRegen  0.21/turn              b - ring of magical power
MPRegen  0.21/turn              (no ring)

@: very slightly contaminated
A: distributed training, fangs 1, strong nose
a: Heroism, Renounce Religion


You were on level 8 of the Dungeon.
You worshipped Okawaru.
Okawaru was greatly pleased with you.
You were not hungry.

You visited 1 branch of the dungeon, and saw 8 of its levels.

You collected 638 gold pieces.
You spent 234 gold pieces at shops.

Inventory:

Hand Weapons
 a - a +0 hand crossbow (weapon)
 d - a +0 fustibalus
 w - a +1 dagger of venom
 I - a +4 dagger
Missiles
 f - 278 bolts (quivered)
 l - 31 poisoned tomahawks
 H - 123 sling bullets
Armour
 o - a +0 helmet (worn)
 q - a +1 leather armour of fire resistance (worn)
 r - a +0 hat
 B - a +0 pair of boots (worn)
 C - a +1 cloak
Jewellery
 b - a ring of magical power (left hand)
 A - the amulet of Nogere {Inacc rElec}
   (You found it on level 5 of the Dungeon)

   [amulet of inaccuracy]

   It reduces the accuracy of all your attacks.
   It insulates you from electricity.
Wands
 z - a wand of iceblast (20)
 E - a wand of disintegration (5)
 J - a wand of acid (3)
Scrolls
 h - 2 scrolls of enchant armour {unknown}
 i - 3 scrolls of identify
 k - 2 scrolls of teleportation {unknown}
 n - 4 scrolls of revelation
 p - 3 scrolls of fog {unknown}
 u - 8 scrolls of remove curse {unknown}
 v - a scroll of fear {unknown}
 y - a scroll of immolation {unknown}
 D - a scroll of noise {unknown}
 F - 3 scrolls of enchant weapon {unknown}
 G - 3 scrolls of summoning {unknown}
Potions
 c - a potion of ambrosia {unknown}
 j - a potion of invisibility {unknown}
 m - a potion of resistance {unknown}
 t - 2 potions of lignification
 x - 2 potions of curing {unknown}
 K - a potion of magic {unknown}
 L - a potion of haste {unknown}
Comestibles
 e - 17 rations {!d}


   Skills:
 + Level 6.4 Fighting
 + Level 4.3 Short Blades
 + Level 4.3 Long Blades
 + Level 4.3 Axes
 + Level 4.3 Maces & Flails
 + Level 4.3 Polearms
 + Level 4.3 Staves
 + Level 4.3 Slings
 + Level 4.3 Bows
 + Level 6.4 Crossbows
 + Level 4.3 Throwing
 + Level 4.3 Armour
 + Level 6.4 Dodging
 + Level 4.3 Stealth
 + Level 4.3 Shields
 + Level 4.3 Unarmed Combat
 + Level 6.7 Spellcasting
 + Level 3.5 Conjurations
 + Level 3.5 Hexes
 + Level 3.5 Charms
 + Level 3.5 Summonings
 + Level 3.5 Necromancy
 + Level 6.6 Translocations
 + Level 3.5 Transmutations
 + Level 3.5 Fire Magic
 + Level 3.5 Ice Magic
 + Level 3.5 Air Magic
 + Level 3.5 Earth Magic
 + Level 3.5 Poison Magic
 + Level 4.8 Invocations
 + Level 4.3 Evocations


You had 10 spell levels left.
You knew the following spells:

 Your Spells              Type           Power        Failure   Level  Hunger
a - Blink Other           Tloc           ####..       1%          1    None
b - Apportation           Tloc           ####..       1%          1    None
c - Blink                 Tloc           N/A          1%          2    None
d - Teleport Other        Tloc           ####....     2%          3    #......
e - Conjure Flame         Conj/Fire      ###.....     10%         3    #......
f - Slow                  Hex            ###.....     3%          1    None

Your spell library contained the following spells:

 Spells                   Type           Power        Failure   Level  Hunger
 Portal Projectile        Tloc           ####..       2%          3    #......
 Flame Tongue             Conj/Fire      ###..        3%          1    None
 Magic Dart               Conj           ###.         3%          1    None
 Call Imp                 Summ           ###...       4%          2    None
 Ensorcelled Hibernation  Hex/Ice        ###...       4%          2    None
 Flaming Arrows           Chrm/Fire      ###.....     4%          2    None
 Confuse                  Hex            ###.....     10%         3    #......
 Dazzling Orbs            Conj/Hex       ###....      10%         3    #......
 Inner Flame              Hex/Fire       N/A          10%         3    #......
 Mephitic Cloud           Conj/Pois/Air  ###.....     10%         3    #......
 Spider Form              Tmut/Pois      ###          10%         3    #......
 Tukima's Dance           Hex            ###.....     10%         3    #......
 Passage of Golubria      Tloc           N/A          26%         5    #####..
 Cause Fear               Hex            ###.......   32%         4    ####...
 Sticky Flame             Conj/Fire      ###.....     32%         4    ####...
 Fireball                 Conj/Fire      ###.......   65%         5    #####..


Dungeon Overview and Level Annotations

Branches:
Dungeon (8/12)             Temple (0/1) D:4
   Lair: D:7-9          Orc: D:8-11

Altars:
Ashenzari
Elyvilon
Gozag
Kikubaaqudgha
Makhleb
Okawaru
Vehumet
Wu Jian
Xom
Yredelemnul
The Shining One

Shops:
D:5 }

Annotations:
D:8 Joseph


Innate Abilities, Weirdness & Mutations

Your experience applies equally to all skills.
You have very sharp teeth.
Your uncanny sense of smell can sniff out nearby items.


Message History

Joseph zaps a wand.
You easily resist.
Firing (i - inventory. (/) - cycle)
f - 279 bolts (quivered)
Press: ? - help, Shift-Dir - straight line, f/p - Joseph
Aim: Joseph, wielding a +2 hunting sling of freezing, wearing a +0 plate armour, quivering 138 sling bullets and carrying a wand of paralysis (6) (lightly wounded)
You shoot a bolt. The bolt hits Joseph.
Joseph is lightly wounded.
Joseph shoots a sling bullet.
The sling bullet hits you! The sling bullet freezes you.
* * * LOW HITPOINT WARNING * * *
Casting: Conjure Flame (safe; 10% risk of failure)
Confirm with . or Enter, or press ? or * to list all spells.
Aiming: Conjure Flame (safe; 10% risk of failure)
Press: ? - help, Dir - move target cursor, p - Joseph You miscast Conjure Flame.
You are very lightly contaminated with residual magic.
Nothing appears to happen.
Joseph shoots a sling bullet.
The sling bullet hits you!
* * * LOW HITPOINT WARNING * * *
The sling bullet freezes you.
You die...

##..
...####
#.....#
∆
#.....#
+.....#
##+....$
#.....#
#...@.#
#.....#
#.<...#
#####°#
.# .# %#
@#


You could see Joseph.

Vanquished Creatures
  A troll (D:7)
  Prince Ribbit (D:5)
  Sigmund (D:4)
  A spriggan (D:7)
  A water moccasin (D:6)
  Duvessa (D:6)
  A black bear (D:6)
  2 sky beasts (D:4)
  An ice beast (D:6)
  2 ogres
  A kobold brigand (D:7)
  Dowan (D:6)
  A water moccasin skeleton (D:5)
  A scorpion (D:4)
  A howler monkey (D:5)
  An orc priest (D:4)
  3 crimson imps
  A bullfrog zombie (D:7)
  5 orc wizards
  3 hounds
  3 jellies (D:6)
  Crazy Yiuf (D:5)
  A bullfrog skeleton (D:7)
  An iguana (D:6)
  4 worker ants
  A hound zombie (D:6)
  A hound skeleton (D:6)
  A worker ant zombie (D:4)
  6 adders
  2 shadow imps (D:5)
  2 oozes
  An adder skeleton (D:4)
  8 worms
  2 dart slugs
  4 leopard geckos
  12 orcs
  A ball python (D:2)
  5 bats
  4 giant cockroaches
  4 goblins
  7 hobgoblins
  2 jackals (D:3)
  11 kobolds
  3 quokkas
  6 frilled lizards
  A quokka skeleton (D:3)
  5 rats (D:1)
129 creatures vanquished.

Notes
Turn   | Place    | Note
-------+----------+-------------------------------------------
     0 | D:1      | iceDog the Gnoll Warper began the quest for the Orb.
     0 | D:1      | Reached XP level 1. HP: 20/20 MP: 6/6
    47 | D:1      | Reached XP level 2. HP: 26/26 MP: 7/7
   238 | D:1      | Learned a level 2 spell: Blink
   261 | D:1      | Reached XP level 3. HP: 31/31 MP: 9/9
   604 | D:2      | Reached skill level 5 in Spellcasting
   611 | D:2      | Found a glowing golden altar of the Shining One.
   613 | D:2      | Found an iron altar of Okawaru.
   729 | D:2      | Became a worshipper of Warmaster Okawaru
  1001 | D:2      | Found a radiant altar of Vehumet.
  1066 | D:2      | Found a faded altar of an unknown god.
  1075 | D:2      | Reached skill level 1 in Invocations
  1516 | D:3      | Found a shattered altar of Ashenzari.
  1522 | D:3      | Reached skill level 1 in Short Blades
  1522 | D:3      | Reached skill level 1 in Long Blades
  1522 | D:3      | Reached skill level 1 in Axes
  1522 | D:3      | Reached skill level 1 in Maces & Flails
  1522 | D:3      | Reached skill level 1 in Polearms
  1522 | D:3      | Reached skill level 1 in Staves
  1522 | D:3      | Reached skill level 1 in Slings
  1522 | D:3      | Reached skill level 1 in Bows
  1522 | D:3      | Reached skill level 1 in Throwing
  1522 | D:3      | Reached skill level 1 in Armour
  1522 | D:3      | Reached skill level 1 in Stealth
  1522 | D:3      | Reached skill level 1 in Shields
  1522 | D:3      | Reached skill level 1 in Unarmed Combat
  1522 | D:3      | Reached skill level 1 in Evocations
  1527 | D:3      | Reached XP level 4. HP: 36/38 MP: 11/11
  1535 | D:3      | Reached skill level 1 in Conjurations
  1535 | D:3      | Reached skill level 1 in Hexes
  1535 | D:3      | Reached skill level 1 in Charms
  1535 | D:3      | Reached skill level 1 in Summonings
  1535 | D:3      | Reached skill level 1 in Necromancy
  1535 | D:3      | Reached skill level 1 in Transmutations
  1535 | D:3      | Reached skill level 1 in Fire Magic
  1535 | D:3      | Reached skill level 1 in Ice Magic
  1535 | D:3      | Reached skill level 1 in Air Magic
  1535 | D:3      | Reached skill level 1 in Earth Magic
  1535 | D:3      | Reached skill level 1 in Poison Magic
  1649 | D:3      | Reached XP level 5. HP: 43/43 MP: 12/12
  2343 | D:4      | Found a burning altar of Makhleb.
  2516 | D:4      | Reached * piety under Okawaru
  2545 | D:4      | Reached XP level 6. HP: 50/50 MP: 13/13
  2581 | D:4      | Noticed Sigmund
  2591 | D:4      | Killed Sigmund
  2592 | D:4      | Reached skill level 5 in Fighting
  2592 | D:4      | Reached skill level 5 in Crossbows
  2592 | D:4      | Reached skill level 5 in Dodging
  2624 | D:4      | Noticed a sky beast
  2632 | D:4      | Reached XP level 7. HP: 56/56 MP: 15/15
  2706 | D:4      | Reached ** piety under Okawaru
  2724 | D:4      | Learned a level 3 spell: Teleport Other
  2728 | D:4      | Learned a level 3 spell: Conjure Flame
  2776 | D:4      | Found a white marble altar of Elyvilon.
  2912 | D:4      | Found an ornate altar of the Wu Jian Council.
  2976 | D:4      | Found a staircase to the Ecumenical Temple.
  3099 | D:4      | Found an opulent altar of Gozag.
  3237 | D:5      | Entered Level 5 of the Dungeon
  3468 | D:5      | Reached XP level 8. HP: 63/63 MP: 16/16
  3578 | D:5      | Found Bykois's Gadget Boutique.
  3585 | D:5      | Bought a wand of iceblast (11) for 234 gold pieces
  3589 | D:5      | Noticed Prince Ribbit
  3596 | D:5      | Killed Prince Ribbit
  3608 | D:5      | Learned a level 1 spell: Slow
  3741 | D:5      | Found a runed door.
  3870 | D:5      | Got a fine ruby amulet
  4158 | D:5      | Noticed Crazy Yiuf
  4163 | D:5      | Killed Crazy Yiuf
  4163 | D:5      | Reached *** piety under Okawaru
  4850 | D:6      | Reached XP level 9. HP: 69/69 MP: 18/18
  5309 | D:6      | Found a shimmering altar of Xom.
  5400 | D:6      | Noticed Duvessa
  5406 | D:6      | Noticed Dowan
  5420 | D:6      | Killed Duvessa
  5429 | D:6      | Killed Dowan
  5527 | D:6      | Found an ancient bone altar of Kikubaaqudgha.
  5777 | D:7      | Reached **** piety under Okawaru
  5837 | D:7      | Found a basalt altar of Yredelemnul.
  5866 | D:7      | Noticed a troll
  5917 | D:7      | Killed a troll
  5954 | D:7      | Identified the amulet of Nogere {Inacc rElec} (You found it
                  | on level 5 of the Dungeon)
  6305 | D:8      | Noticed Joseph
  6308 | D:8      | Paralysed by Joseph for 3 turns
  6314 | D:8      | HP: 3/71 [Joseph/sling bullet (16)]
  6314 | D:8      | Shot with a sling bullet by Joseph

Skill      XL: |  1  2  3  4  5  6  7  8  9 |
---------------+----------------------------+-----
Spellcasting   | 5 6 |  6.7
Invocations    | 1 2 3 4 |  4.8
Short Blades   | 1 2 3 4 |  4.3
Long Blades    | 1 2 3 4 |  4.3
Axes           | 1 2 3 4 |  4.3
Maces & Flails | 1 2 3 4 |  4.3
Polearms       | 1 2 3 4 |  4.3
Staves         | 1 2 3 4 |  4.3
Slings         | 1 2 3 4 |  4.3
Bows           | 1 2 3 4 |  4.3
Throwing       | 1 2 3 4 |  4.3
Armour         | 1 2 3 4 |  4.3
Stealth        | 1 2 3 4 |  4.3
Shields        | 1 2 3 4 |  4.3
Unarmed Combat | 1 2 3 4 |  4.3
Evocations     | 1 2 3 4 |  4.3
Conjurations   | 1 2 3 |  3.5
Hexes          | 1 2 3 |  3.5
Charms         | 1 2 3 |  3.5
Summonings     | 1 2 3 |  3.5
Necromancy     | 1 2 3 |  3.5
Transmutations | 1 2 3 |  3.5
Fire Magic     | 1 2 3 |  3.5
Ice Magic      | 1 2 3 |  3.5
Air Magic      | 1 2 3 |  3.5
Earth Magic    | 1 2 3 |  3.5
Poison Magic   | 1 2 3 |  3.5
Fighting       | 5 6 |  6.4
Crossbows      | 5 6 |  6.4
Dodging        | 5 6 |  6.4
Translocations | 6 |  6.6

Action                   |  1- 3 |  4- 6 |  7- 9 || total
-------------------------+-------+-------+-------++-------
Melee: Dagger            |       |    74 |   154 ||   228
       Bite              |       |     3 |    18 ||    21
       Unarmed           |       |       |    10 ||    10
       Punch             |       |       |     2 ||     2
 Fire: Hand crossbow     |    75 |    56 |     7 ||   138
       Fustibalus        |       |       |    79 ||    79
Throw: Tomahawk          |       |     2 |    48 ||    50
 Cast: Conjure Flame     |       |       |    13 ||    13
  Use: Scroll            |       |       |     4 ||     4
       Potion            |       |       |     1 ||     1
 Stab: Sleeping          |       |     2 |     3 ||     5
  Eat: Chunk             |     4 |     4 |    13 ||    21
       Ration            |       |     1 |     2 ||     3
Armor: Robe              |     2 |     7 |       ||     9
       Leather armour    |       |     4 |    33 ||    37
       Skin              |       |       |     8 ||     8
Dodge: Dodged            |     3 |    60 |   114 ||   177
